 Dungeon Crawl Stone Soup version 0.13.0-25-g43d4df3 (webtiles) character file.

2128 Duskembrace the Grappler (level 8, -4/75 HPs)
             Began as a Troll Monk on Oct 29, 2013.
             Was an Elder of Trog.
             Slain by an iguana (9 damage)
             ... on Level 7 of the Dungeon.
             The game lasted 00:26:21 (4393 turns).

Duskembrace the Grappler (Troll Monk)               Turns: 4393, Time: 00:26:21

HP  -4/75        AC  5     Str 20      XL: 8   Next: 76%
MP   4/4         EV 10     Int  6      God: Trog [****..]
Gold 392         SH  0     Dex 14      Spells:  0 memorised,  7 levels left

Res.Fire  : . . .   See Invis. : .     - Unarmed
Res.Cold  : . . .   Warding    : .   a - +0 robe
Life Prot.: . . .   Conserve   : .   (shield restricted)
Res.Poison: .       Res.Corr.  : .   (helmet restricted)
Res.Elec. : .       Clarity    : .   (no cloak)
Sust.Abil.: . .     Spirit.Shd : .   (gloves unavailable)
Res.Mut.  : .       Stasis     : .   (boots unavailable)
Res.Rott. : .       Flight     : .   (no amulet)
Gourmand  : +                        (no ring)
                                     (no ring)

@: exhausted, slowed, very slow, slightly resistant to hostile enchantments,
unstealthy
A: unfitting armour, claws 3, fast metabolism 3, gourmand, regeneration 2,
saprovore 2, tough skin 2, AC +1
a: Burn Spellbooks, Berserk, Trog's Hand, Brothers in Arms, Renounce Religion


You were on level 7 of the Dungeon.
You worshipped Trog.
Trog was greatly pleased with you.
You were full.

You visited 1 branch of the dungeon, and saw 7 of its levels.

You collected 392 gold pieces.

Inventory:

Missiles
 s - 2 darts
 t - 4 large rocks (quivered)
Armour
 a - a +0 robe (worn)
Magical devices
 u - a wand of teleportation (5) {unknown}
Comestibles
 b - 5 meat rations
 f - 6 bread rations
 j - a royal jelly
 n - an orange
 r - 2 pears
 B - a beef jerky
 C - a choko
Scrolls
 d - a scroll of fog {unknown}
 e - 11 scrolls of identify {unknown}
 h - a scroll of curse weapon {unknown}
 i - 2 scrolls of curse armour {unknown}
 k - a scroll of blinking {unknown}
 l - 7 scrolls of teleportation {unknown}
 p - 3 scrolls of enchant weapon II {unknown}
 w - a scroll of noise {unknown}
 y - a scroll of remove curse {unknown}
 z - 2 scrolls of amnesia {unknown}
 D - a scroll of enchant weapon I {unknown}
Jewellery
 v - an uncursed ring of flight {unknown}
Potions
 c - a potion of slowing {unknown}
 g - 2 potions of heal wounds {unknown}
 m - 2 potions of beneficial mutation {unknown}
 o - a potion of agility {unknown}
 q - 2 potions of restore abilities
 x - a potion of poison {unknown}
 A - 3 potions of curing {unknown}
 E - a potion of paralysis {unknown}
 F - a potion of speed {unknown}


   Skills:
 + Level 3.0 Fighting
 - Level 2.5 Dodging
 - Level 1.1 Stealth
 + Level 11.2 Unarmed Combat
 * Level 1.9 Evocations


You had 7 spell levels left.
You didn't know any spells.

Dungeon Overview and Level Annotations

Branches:
Dungeon (7/27)             Temple (0/1) D:4
    Orc: D:6-11

Altars:
Nemelex Xobeh
Okawaru
Sif Muna
Trog
Zin
the Shining One

Shops:
D:5 [


Innate Abilities, Weirdness & Mutations

You are too large for most types of armour.
You have claws for hands.
Your metabolism is lightning-fast.
You like to eat raw meat.
You heal very quickly.
You can eat rotten meat.
You are covered in fur (AC +1).
You have very tough skin (AC +2).


Message History

The iguana is no longer bleeding.
The crocodile bites you!
The orc hits you with an orcish trident.
The iguana closely misses you.
The orc hits you from afar with an orcish trident.
* * * LOW HITPOINT WARNING * * *
The crocodile closely misses you. The orc barely misses you.
The iguana bites you!
* * * LOW HITPOINT WARNING * * *
Things that are here:
a runed orcish mace; a shiny orcish ring mail; an orc corpse The crocodile misses you.
The iguana closely misses you. The orc barely misses you.
The crocodile bites you but does no damage.
The iguana closely misses you.
The crocodile bites you but does no damage.
The iguana bites you!
* * * LOW HITPOINT WARNING * * *
Drink which item? (? for menu, Esc to quit)
You feel refreshed.
It was a potion of restore abilities.
The iguana bites you!
You die...

#........<......
#.#######.###### #.#
#.# ####### #.# #.#
.......# #.# #.#
#..[....# #.# #.#
#.......# #.# #..
#.......####.#########
.........tl@..........
#####...o###.........
# ##/..# #########>
..# #...# # #..#...#
..# #.%))###...#
##...).....#.
#...[.......
#...........


You could see a crocodile, an iguana and an orc.

Vanquished Creatures
  Grinder (D:5)
  The ghost of Czerbonog the Slasher, an average DsSk (D:4)
  An ice beast (D:5)
  An orc warrior (D:6)
  A sky beast (D:5)
  A centaur (D:5)
  A giant frog (D:6)
  A crimson imp (D:6)
  A hound (D:6)
  2 jellies
  3 orc priests
  2 iguanas
  2 giant frog skeletons
  8 orc wizards
  A scorpion (D:4)
  2 worker ants
  A crocodile skeleton (D:5)
  A hound skeleton (D:4)
  7 gnolls
  4 adders
  A giant mite (D:5)
  5 worms
  2 adder zombies (D:5)
  An iguana skeleton (D:5)
  An adder skeleton (D:5)
  3 giant geckos
  2 oozes (D:4)
  23 orcs
  3 ball pythons
  6 giant cockroaches
  10 hobgoblins
  15 jackals
  A quokka (D:4)
  8 bats
  A giant gecko skeleton (D:5)
  3 giant newts
  11 goblins
  9 kobolds
  A kobold skeleton (D:5)
  An orc zombie (D:6)
  11 rats
  A rat skeleton (D:6)
161 creatures vanquished.

Vanquished Creatures (others)
  A plant (D:7)
1 creature vanquished.

Grand Total: 162 creatures vanquished

Notes
Turn   | Place    | Note
--------------------------------------------------------------
     0 | D:1      | Duskembrace, the Troll Monk, began the quest for the Orb.
     0 | D:1      | Reached XP level 1. HP: 20/20 MP: 0/0
   194 | D:1      | Reached XP level 2. HP: 28/28 MP: 0/0
   437 | D:1      | Found a glowing golden altar of the Shining One.
   699 | D:2      | Reached XP level 3. HP: 28/35 MP: 1/1
  1043 | D:2      | Reached skill level 5 in Unarmed Combat
  1285 | D:3      | Reached XP level 4. HP: 15/44 MP: 1/1
  1381 | D:3      | Reached skill level 6 in Unarmed Combat
  1383 | D:3      | Reached XP level 5. HP: 38/50 MP: 1/1
  1507 | D:3      | Found a bloodstained altar of Trog.
  1516 | D:3      | Became a worshipper of Trog the Wrathful
  1516 | D:3      | Acquired Trog's first power
  1516 | D:3      | Acquired Trog's second power
  1972 | D:3      | Found a glowing golden altar of the Shining One.
  1972 | D:3      | Found an iron altar of Okawaru.
  2140 | D:4      | Noticed Czerbonog's ghost (average DsSk)
  2146 | D:4      | Killed Czerbonog's ghost
  2146 | D:4      | Reached skill level 7 in Unarmed Combat
  2146 | D:4      | Reached XP level 6. HP: 33/58 MP: 2/2
  2388 | D:4      | Reached skill level 8 in Unarmed Combat
  2428 | D:4      | Reached XP level 7. HP: 66/66 MP: 2/2
  2476 | D:4      | Found a staircase to the Ecumenical Temple.
  2794 | D:5      | Entered Level 5 of the Dungeon
  2966 | D:5      | Reached skill level 9 in Unarmed Combat
  3334 | D:5      | Noticed Grinder
  3342 | D:5      | Paralysed by Grinder for 4 turns
  3351 | D:5      | Killed Grinder
  3351 | D:5      | Reached skill level 10 in Unarmed Combat
  3351 | D:5      | Reached XP level 8. HP: 38/74 MP: 2/2
  3418 | D:5      | Found Aluxuala's Armour Shoppe.
  3676 | D:5      | Reached skill level 1 in Evocations
  3811 | D:6      | Acquired Trog's third power
  3891 | D:6      | Found a deep blue altar of Sif Muna.
  3966 | D:6      | Found a sparkling altar of Nemelex Xobeh.
  4104 | D:6      | Reached skill level 11 in Unarmed Combat
  4259 | D:6      | Found a glowing silver altar of Zin.
  4393 | D:7      | Slain by an iguana

Action                   |  1- 3 |  4- 6 |  7- 9 || total
-------------------------+-------+-------+-------++-------
Melee: Unarmed           |    67 |   124 |   198 ||   389
Throw: Large rock        |       |     3 |       ||     3
Invok: Berserk           |       |     1 |     4 ||     5
  Use: Potion            |       |       |     1 ||     1
 Stab: Sleeping          |     1 |     1 |       ||     2
